Warning! The script has encountered some errors when parsing the replay. Please report them to the . » details
0x2F, prev: 0x00: [2F]
General information
- name: Local Game
- type: Custom game
- host: sdsd
- saver: sdsd
map: TwistedMeadows
- players: 1
- length: 58:14
- speed: Fast
- version: 1.21 W3XP
- replay type: Public
» download(316 KB)
Players
team 1 (winner)
sdsd (
red | 116 APM | 6746 actions | 58:14)
10 Death Knight
3 Death Coil
3 Unholy Aura
3 Death Pact
1 Animate Dead
10 Dark Ranger
3 Silence
3 Life Drain
1 Charm
3 Black Arrow
10 Dreadlord
3 Sleep
3 Carrion Swarm
1 Inferno
3 Vampiric Aura
» actions
| Assign group hotkey | 58 | |
| Basic commands | 613 | |
| Build / train | 102 | |
| ESC pressed | 2 | |
| Enter build submenu | 29 | |
| Enter hero's abilities submenu | 31 | |
| Give item / drop item | 3 | |
| Right click | 3359 | |
| Select / deselect | 1498 | |
| Select group hotkey | 860 | |
| Use ability | 190 | |
6746 total
» units
| Acolyte | 9 | |
| Ghoul | 7 | |
| Crypt Fiend | 15 | |
| Frost Wyrm | 6 | |
37 total
» upgrades
| Burrow | 1 | |
| Creature Attack | 3 | |
| Creature Carapace | 3 | |
| Web | 1 | |
8 total
» buildings
| Crypt | 2 | |
| Graveyard | 2 | |
| Altar of Darkness | 1 | |
| Ziggurat | 13 | |
| Tomb of Relics | 2 | |
| Halls of the Dead | 2 | |
| Black Citadel | 1 | |
| Necropolis | 2 | |
| Spirit Tower | 3 | |
| Sacrificial Pit | 1 | |
| Boneyard | 1 | |
| Nerubian Tower | 1 | |
| Altar of Storms | 1 | |
32 total
» build order
00:06 Crypt
00:17 Graveyard
00:20 Graveyard
00:42 Altar of Darkness
01:01 Ziggurat
01:28 Tomb of Relics
01:30 Tomb of Relics
02:05 Ziggurat
03:39 Ziggurat
05:25 Halls of the Dead
07:00 Ziggurat
09:22 Black Citadel
11:57 Necropolis
13:13 Ziggurat
16:58 Ziggurat
18:12 Spirit Tower
18:14 Ziggurat
18:17 Sacrificial Pit
19:22 Spirit Tower
21:08 Boneyard
22:21 Spirit Tower
24:59 Ziggurat
25:23 Ziggurat
30:14 Ziggurat
30:47 Necropolis
30:57 Ziggurat
33:19 Crypt
37:39 Halls of the Dead
39:01 Ziggurat
39:03 Ziggurat
39:37 Nerubian Tower
41:06 Altar of Storms
» items
| Rod of Necromancy | 2 | |
| Potion of Healing | 2 | |
| Scroll of Town Portal | 5 | |
| Orb of Corruption | 2 | |
| Scroll of Healing | 5 | |
| Potion of Lesser Invulnerability | 1 | |
17 total
Chat log
(00:52 / All) sdsd: noobs
(00:58 / All) sdsd: yeah u suck
(01:05 / All) sdsd: watch me win this shit
(01:10 / All) sdsd: stfu blue
(01:20 / All) sdsd: LOL
(01:22 / All) sdsd: BLUE U SUCK
(01:34 / All) sdsd: eat a dick
(10:07 / All) sdsd: lol fuckin noobs
(18:48 / All) sdsd: lol noobs
(32:20 / All) sdsd: rofl noobs